 Dungeon Crawl Stone Soup version 0.23-a0-370-gf497b7c (webtiles) character file.

58 MisterFreud the Sneak (level 3, -2/15 HPs)
             Began as a Felid Transmuter on Oct 24, 2018.
             Was an Initiate of Cheibriados.
             Slain by an orc
             ... wielding a +0 war axe
              (9 damage)
             ... in the Ecumenical Temple.
             The game lasted 00:07:51 (2859 turns).

MisterFreud the Sneak (Felid Transmuter)            Turns: 2859, Time: 00:07:52

Health: -2/15      AC:  1    Str:  7    XL:     3   Next: 76%
Magic:  5/7        EV: 18    Int: 16    God:    Cheibriados [......]
Gold:   111        SH:  0    Dex: 17    Spells: 0/6 levels left
                                        Lives:  0   Deaths: 0

rFire    . . .     SeeInvis +     - Unarmed
rCold    . . .     Gourm    .   (shield unavailable)
rNeg     . . .     Faith    .   (armour unavailable)
rPois    .         Spirit   .   (helmet unavailable)
rElec    .         Reflect  .   (cloak unavailable)
rCorr    .         Harm     .   (gloves unavailable)
MR       .....                  (boots unavailable)
Stlth    +++.......             (no amulet)
HPRegen  0.05/turn              (no ring)
MPRegen  0.10/turn              (no ring)

@: no status effects
A: very small, no armour, no weapons or thrown items, stealth, claws 1, fangs 3,
see invisible, carnivore, speed 1, shaggy fur 1, slow metabolism 1, sharp paws
a: Bend Time, Renounce Religion


You were in the Ecumenical Temple.
You worshipped Cheibriados.
Cheibriados was noncommittal.
You were very full.

You visited 2 branches of the dungeon, and saw 5 of its levels.

You collected 111 gold pieces.

Inventory:

Missiles
 a - 22 arrows
Scrolls
 e - a scroll of teleportation
 f - a scroll of remove curse {unknown}
 j - a scroll of identify
Potions
 b - 2 potions of magic
 d - a potion of flight
 h - a potion of heal wounds {unknown}
 i - a potion of degeneration {unknown}
Comestibles
 c - 6 rations


   Skills:
 + Level 1.2 Fighting
 - Level 2.6 Dodging
 - Level 5.0 Stealth
 - Level 3.0 Unarmed Combat
 - Level 2.0 Spellcasting
 - Level 2.1 Transmutations


You couldn't memorise any spells.
You knew the following spells:

 Your Spells              Type           Power        Failure   Level  Hunger
a - Beastly Appendage     Tmut           #.....       9%          1    #......
b - Sticks to Snakes      Tmut           #.......     13%         2    ###....
c - Spider Form           Tmut/Pois      #.........   36%         3    ###....

Your spell library contained the following spells:

 Spells                   Type           Power        Failure   Level  Hunger
 Ice Form                 Ice/Tmut       #.......     78%         4    #####..
 Blade Hands              Tmut           #.........   93%         5    ######.


Dungeon Overview and Level Annotations

Branches:
Dungeon (4/15)             Temple (1/1) D:4

Altars:
Ashenzari
Cheibriados
Elyvilon
Hepliaklqana
Kikubaaqudgha
Qazlal
Sif Muna
Wu Jian
Xom
Zin
The Shining One

Shops:
D:4 %


Innate Abilities, Weirdness & Mutations

You cannot wear armour.
You are incapable of wielding weapons or throwing items.
Your paws allow you to move quietly. (Stealth)
You have sharp claws.
You have razor-sharp teeth.
You have supernaturally acute eyesight. (SInv)
You are carnivorous and can eat meat at any time.
You cover ground quickly.
You are covered in fur. (AC +1)
You have a slow metabolism.
Your sharp claws are effective at attacking unaware monsters.


Message History

You start resting.
HP restored.
You start waiting.
Your magical contamination has completely faded away.
You can't go down here!
You climb upwards.
Welcome back to the Dungeon!
Your horns disappear.
The orc hits you with a +0 war axe!
Ouch! That really hurt!
There is a staircase to the Ecumenical Temple, spattered with blood here.
You see here 3 tomahawks.
The orc throws a tomahawk.
The tomahawk closely misses you. The orc closely misses you.
You climb downwards.
Welcome back to the Ecumenical Temple!
There is a staircase back to the Dungeon here.
Casting: Beastly Appendage (safe; 9% risk of failure)
Confirm with . or Enter, or press ? or * to list all spells.
You create a snake!
You now have 22 arrows.
The orc hits you with a +0 war axe!
Ouch! That really hurt!
You die...

♣....._.....♣ ♣♣♣♣♣♣♣
♣...........♣ ♣♣♣♣♣♣♣ ♣.....♣♣♣
♣♣....⌠....♣♣ ♣♣♣.....♣
.._.....♣♣ ♣♣♣.....♣♣♣ ♣♣....._..
.........♣ ♣♣♣.♣♣♣ ♣.........
...⌠.._..♣ ♣♣.♣♣ ♣.._..⌠...
.........♣♣♣♣♣♣...♣♣♣♣♣♣.........
._......♣...♣♣.S[..♣♣...♣......_.
......♣♣♣♣♣♣...o@....♣♣♣♣♣♣......
♣♣♣♣♣♣♣ ♣♣♣...[.♣♣♣ ♣♣♣♣♣♣♣
♣♣♣♣♣♣♣♣♣♣...♣♣♣♣♣♣♣♣♣♣
♣♣♣......♣..♣♣♣..♣......♣♣♣
♣♣......♣..♣♣♣ ♣♣♣..♣......♣♣
♣...........♣ ♣...........♣
♣._...♣.....♣ ♣.....♣..._.♣
♣...........♣ ♣...........♣
♣♣....._...♣♣ ♣♣..._.....♣♣


You could see an orc and a friendly ball python.

Vanquished Creatures
  An adder (D:2)
  An adder skeleton (D:4)
  A dart slug (D:1)
  A leopard gecko (D:1)
  4 orcs
  A giant cockroach (D:2)
  2 goblins
  5 hobgoblins
  2 jackals (D:2)
  2 kobolds (D:2)
  A quokka (D:3)
  A ball python (D:2)
  4 bats
  2 frilled lizards
  3 rats
31 creatures vanquished.

Vanquished Creatures (collateral kills)
  An adder (D:2)
  A worm (D:2)
  A frilled lizard (D:2)
3 creatures vanquished.

Grand Total: 34 creatures vanquished

Notes
Turn   | Place    | Note
-------+----------+-------------------------------------------
     0 | D:1      | MisterFreud the Felid Transmuter began the quest for the
                  | Orb.
     0 | D:1      | Reached XP level 1. HP: 9/9 MP: 4/4
    53 | D:1      | Reached skill level 1 in Stealth
   188 | D:1      | Reached skill level 2 in Stealth
   331 | D:1      | Reached XP level 2. HP: 12/12 MP: 4/6
   706 | D:2      | Reached skill level 3 in Stealth
   739 | D:1      | Learned a level 2 spell: Sticks to Snakes
  1444 | D:2      | Reached skill level 4 in Stealth
  1444 | D:2      | Reached XP level 3. HP: 13/15 MP: 1/7
  1508 | D:2      | Found a shimmering altar of Xom.
  2413 | D:4      | Learned a level 3 spell: Spider Form
  2429 | D:4      | Found Qigh's Food Emporium.
  2450 | D:4      | Reached skill level 5 in Stealth
  2587 | D:4      | Found a staircase to the Ecumenical Temple.
  2603 | Temple   | Entered the Ecumenical Temple
  2683 | Temple   | Became a worshipper of Cheibriados the Contemplative
  2859 | Temple   | Slain by an orc

Vault maps used:
D:1:      dpeg_arrival_tiny_a, serial_aquarium, aquarium_bridge_square,
          aquarium_bridge_straight, aquarium_window_corridor_1,
          aquarium_window_1, aquarium_window_1, aquarium_view_2b,
          aquarium_balcony_double_3
D:2:      first_ration, hangedman_abyss_or_decor_stabs, xom_teletrap_fun
D:3:      lemuel_castle_with_subvaults, lemuel_round_altar
D:4:      chequers_temple_overflow_statue_of_worship, kennysheep_mini_moat,
          minmay_temple_entry_mist, serial_shops, kennysheep_little_box, shop,
          shop_statue, shop, nicolae_shop_waterfront
Temple:   jpeg_temple_clearing

Skill      XL: |  1  2  3 |
---------------+----------+-----
Stealth        | 2 4 5 |  5.0
Fighting       | |  1.2
Dodging        | |  2.6
Unarmed Combat | |  3.0
Spellcasting   | |  2.0
Transmutations | |  2.1

Action                   || total
-------------------------++-------
Melee: Unarmed           ||    97
       Headbutt          ||     5
       Bite              ||     8
 Cast: Beastly Appendage ||    25
       Sticks to Snakes  ||     9
  Use: Scroll            ||     4
       Potion            ||     1
 Stab: Sleeping          ||     5
       Distracted        ||     1
  Eat: Chunk             ||    11
Armor: Skin              ||     3
Dodge: Dodged            ||    79

Table legend:
 A = Non-vault XP
 B = Vault XP
 C = Vault XP percentage of total XP
 D = Non-vault monster count
 E = Vault monster count
 F = Vault count percentage of total count
                 A         B        C        D         E       F
            +---------+---------+-------+---------+---------+-------
      Total |      84 |       0 |   0.0 |      34 |       0 |   0.0
            +---------+---------+-------+---------+---------+-------
        D:1 |      20 |       0 |   0.0 |      10 |       0 |   0.0
        D:2 |      41 |       0 |   0.0 |      15 |       0 |   0.0
        D:3 |      11 |       0 |   0.0 |       5 |       0 |   0.0
        D:4 |       6 |       0 |   0.0 |       2 |       0 |   0.0
     Temple |       6 |       0 |   0.0 |       2 |       0 |   0.0
            +---------+---------+-------+---------+---------+-------
